 Dungeon Crawl Stone Soup version 0.32-a0-560-g4c7f4391e0 (webtiles) character file.

Game seed: 5461651709764762971

187 BeKind the Covered (level 5, -5/47 HPs)
             Began as a Minotaur Fighter on Feb 29, 2024.
             Slain by an ogre
             ... wielding a +0 giant club
              (13 damage)
             ... on level 3 of the Dungeon.
             The game lasted 00:03:10 (2238 turns).

BeKind the Covered (Minotaur Fighter)               Turns: 2238, Time: 00:03:11

Health: -5/47      AC:  8    Str: 22    XL:     5   Next: 39%
Magic:  4/4        EV:  9    Int:  5    God:
Gold:   106        SH:  9    Dex: 10    Spells: 4/4 levels left

rFire   . . .        o - +3 trident
rCold   . . .        c - +0 buckler
rNeg    . . .        b - +0 scale mail
rPois   .            (helmet restricted)
rElec   .            (no cloak)
rCorr   .            i - +0 pair of gloves
SInv    .            (no boots)
Will    .....        l - amulet of reflection Stlth
                     (no ring)
HPRegen 0.27/turn    (no ring)
MPRegen 0.09/turn

%: reflection
@: mighty
A: horns 2, retaliatory headbutt
a: no special abilities


You were on level 3 of the Dungeon.
You visited 1 branch of the dungeon, and saw 3 of its levels.

You collected 106 gold pieces.

Inventory:

Hand Weapons
 a - a +0 trident
 o - a +3 trident (weapon)
Armour
 b - a +0 scale mail (worn)
 c - a +0 buckler (worn)
 i - a +0 pair of gloves (worn)
Jewellery
 l - an amulet of reflection (around neck)
Scrolls
 f - a scroll of butterflies {unknown}
 g - 3 scrolls of teleportation {unknown}
 h - 2 scrolls of identify {unknown}
 j - a scroll of fear {unknown}
 m - a scroll of blinking {unknown}
 n - a scroll of vulnerability {unknown}
Potions
 d - a potion of might
 e - a potion of attraction {unknown}
 k - a potion of lignification {unknown}


   Skills:
 + Level 4.8 Fighting
 + Level 4.0 Polearms
 + Level 4.9 Armour
 + Level 4.8 Shields


You had 4 spell levels left.
You didn't know any spells.
Your spell library contained the following spells:

 Spells                   Type           Power      Damage    Failure   Level
 Apportation              Tloc           0%         N/A       85%         1
 Call Imp                 Summ           0%         N/A       94%         2
 Jinxbite                 Hex            0%         N/A       94%         2
 Sublimation of Blood     Necr           0%         N/A       94%         2
 Call Canine Familiar     Summ           0%         N/A       99%         3
 Sigil of Binding         Hex            0%         N/A       99%         3
 Dimensional Bullseye     Hex/Tloc       0%         N/A       100%        4
 Alistair's Intoxication  Alch           0%         N/A       100%        5
 Summon Hydra             Summ           0%         N/A       100%        7


Dungeon Overview and Level Annotations

Branches:
Dungeon (3/15)

Altars:
Vehumet


Innate Abilities, Weirdness & Mutations

You have a pair of horns on your head.
You reflexively headbutt those who attack you in melee.


Message History

You reach to attack!
You puncture the ribbon worm!
The ribbon worm is heavily wounded.
The ribbon worm expels a string of sticky webbing.
You block the stream of webbing... and reflect it back!
The stream of webbing hits the ribbon worm but does no damage.
The ribbon worm is caught in a web!
The ribbon worm tears the web.
You reach to attack!
You barely miss the ribbon worm.
The ribbon worm is heavily wounded.
You hit the ribbon worm.
The ribbon worm is severely wounded.
The ogre hits you with a +0 giant club! You block the ribbon worm's attack.
You feel very mighty all of a sudden.
You puncture the ogre!
The ogre is moderately wounded.
You block the ogre's attack.
You barely miss the ribbon worm. Your headbutt misses the ribbon worm.
The ribbon worm is heavily wounded.
The ogre hits you with a +0 giant club!
The ribbon worm expels a string of sticky webbing.
The stream of webbing hits you but does no damage.
You are caught in a web!
You are caught in a web!
You are caught in a web!
You are caught in a web!
You are caught in a web!
You struggle to detach yourself from the web.
The ribbon worm bites you. The ogre barely misses you.
The web tears apart.
The ribbon worm expels a string of sticky webbing.
The stream of webbing hits you but does no damage.
You are caught in a web!
The web tears apart.
The ogre hits you with a +0 giant club!!
* * * LOW HITPOINT WARNING * * *
You closely miss the ogre.
The ogre is moderately wounded.
The ribbon worm bites you.
* * * LOW HITPOINT WARNING * * *
The ogre hits you with a +0 giant club!
You die...

#(.....##.# #.....
#.###..##.###.....
#.# #..##.......##
#.# #..########...
#.# #>.# ######'##
#.###..# #........
###.#....#
#........
#......#.#
#........ #.#@#..#
#........ #.#Ow..#
#........
#........#
#########
#.#....###
.....#### ##. ...
#.##.. # ... #.#.


You could see an ogre and a ribbon worm.

Vanquished Creatures
  An orc priest (D:3)
  Natasha (D:2)
  4 adders (D:2)
  3 ribbon worms (D:2)
  5 dart slugs
  3 orcs
  5 bats
  8 endoplasms
  3 giant cockroaches
  9 goblins
  A hobgoblin (D:2)
  11 jackals
  2 kobolds (D:1)
  4 quokkas
  9 ball pythons
  4 frilled lizards
  A rat (D:1)
74 creatures vanquished.

Notes
Turn   | Place    | Note
-------+----------+-------------------------------------------
     0 | D:1      | BeKind the Minotaur Fighter began the quest for the Orb.
     0 | D:1      | Reached XP level 1. HP: 19/19 MP: 0/0
    29 | D:1      | Reached XP level 2. HP: 21/27 MP: 1/1
   108 | D:1      | Reached XP level 3. HP: 32/33 MP: 2/2
   673 | D:2      | Reached XP level 4. HP: 40/40 MP: 3/3
   832 | D:2      | Noticed Natasha
   838 | D:2      | Killed Natasha
  1110 | D:2      | Found a radiant altar of Vehumet.
  1277 | D:2      | Reached XP level 5. HP: 47/47 MP: 4/4
  2225 | D:3      | Noticed an ogre
  2238 | D:3      | Slain by an ogre

Illustrated notes

Levels and vault maps discovered:
D:1:      psy_arrival_statuary, layout_rooms
D:2:      minmay_chambers_of_ones, layout_basic, basic_altar, moated_statue,
          kennysheep_generic_room_13, uniq_natasha
D:3:      layout_basic, gammafunk_ghost_cemetery

Skill      XL: |  1  2  3  4  5 |
---------------+----------------+-----
Armour         | 4 |  4.9
Fighting       | 4 |  4.8
Polearms       | 3 4 |  4.0
Shields        | 4 |  4.8

Action                     |  1- 3 |  4- 6 || total
---------------------------+-------+-------++-------
  Melee: Trident           |    82 |    79 ||   161
         Headbutt          |     7 |     9 ||    16
    Use: Potion            |       |     2 ||     2
 Armour: Scale mail        |    45 |    45 ||    90
  Dodge: Dodged            |    39 |    27 ||    66
  Block: Buckler           |    10 |    35 ||    45
         Reflection        |       |     3 ||     3

Table legend: (Time is in decaauts)
 A = Elapsed time spent in this place.
 B = Non-inter-level travel time spent in this place.
 C = Inter-level travel time spent in this place.
 D = Time resting spent in this place.
 E = Time spent auto-exploring this place.
 F = Levels seen in this place.
 G = Mean time per level.
                   A        B        C        D        E       F      G
               +--------+--------+--------+--------+--------+-----+--------+
         Total |   2266 |   2186 |     80 |    802 |   1015 |   3 |  755.3 |
       Dungeon |   2266 |   2186 |     80 |    802 |   1015 |   3 |  755.3 |
               +--------+--------+--------+--------+--------+-----+--------+

Top non-repeatable levels by time:
     D:2: 1597 daAuts
     D:1: 492 daAuts
     D:3: 176 daAuts
